 Dungeon Crawl Stone Soup version 0.22-a0-553-g9358b0b (webtiles) character file.

509614 MothsLongingForFire the Slayer (level 24, -6/217 HPs)
             Began as a Demonspawn Berserker on June 25, 2018.
             Was a High Priest of Trog.
             Killed from afar by a tengu reaver (15 damage)
             ... with a bolt of acid
             ... on level 4 of the Vaults on June 26, 2018.
             The game lasted 04:05:35 (83615 turns).

MothsLongingForFire the Slayer (DsBe)              Turns: 83615, Time: 04:05:35

Health: -6/217     AC: 26    Str: 21    XL:     24   Next: 28%
Magic:  35/35      EV: 31    Int: 10    God:    Trog [*****.]
Gold:   321        SH:  0    Dex: 23    Spells: 27/27 levels left

rFire    + + +     SeeInvis +     - Unarmed
rCold    + . .     Gourm    .   (no shield)
rNeg     . . .     Faith    .   z - +8 plate armour of Zaerony {rF++ rCorr MP+9 Str-3}
rPois    +         Spirit   .   (helmet unavailable)
rElec    +         Reflect  .   F - scarf {repulsion}
rCorr    +         Harm     .   (gloves unavailable)
MR       +....                  (boots unavailable)
Stlth    ..........             C - amulet of the acrobat
HPRegen  0.46/turn              d - ring "Nyclof" {rElec rPois rF+ MR- Dex+6}
MPRegen  0.24/turn              M - ring of protection from magic

@: marked, berserk cooldown, slowed, repel missiles, very slow
A: antennae 3, claws 3, hooves 3, cold resistance 1, icemail, powered by pain 2,
augmentation 1, freezing cloud immunity
}: 2/15 runes: barnacled, gossamer
a: Berserk, Trog's Hand, Brothers in Arms, Renounce Religion


You were on level 4 of the Vaults.
You worshipped Trog.
Trog was extremely pleased with you.
You were very hungry.

You visited 8 branches of the dungeon, and saw 44 of its levels.
You also visited: Ice Cave.

You collected 5678 gold pieces.
You spent 5357 gold pieces at shops.


Innate Abilities, Weirdness & Mutations

You have a pair of large antennae on your head. (SInv)
You have claws for hands.
You have hooves in place of feet.
Your flesh is cold resistant. (rC+)
A meltable icy envelope protects you from harm. (AC +0)
You sometimes gain power by taking damage.
Your magical and physical power is slightly enhanced at high health.
You are immune to freezing clouds.


   Skills:
 + Level 24.1 Fighting
   Level 3.1 Polearms
 + Level 19.3 Armour
 - Level 12.0 Dodging
 + Level 22.4 Unarmed Combat
 - Level 2.3 Spellcasting


You had 27 spell levels left.
You didn't know any spells.
Your spell library was empty.

Inventory:

Hand Weapons
 V - a +0 blowgun {@w1}
Missiles
 g - 4 throwing nets {=f}
 m - 4 steel javelins (quivered)
 s - 13 curare-tipped needles {=f}
 y - 7 needles of paralysis
Armour
 z - the +8 plate armour of Zaerony (worn) {rF++ rCorr MP+9 Str-3}
   (You bought it in a shop on level 4 of the Depths)

   It affects your strength (-3).
   It greatly protects you from fire.
   It affects your magic capacity (+9).
   It protects you from acid and corrosion.
 F - a scarf of repulsion (worn)
Jewellery
 c - an uncursed ring of ice
 d - the ring "Nyclof" (left claw) {rElec rPois rF+ MR- Dex+6}
   (You bought it in a shop on level 1 of the Vaults)

   [ring of poison resistance]

   It affects your dexterity (+6).
   It protects you from fire.
   It insulates you from electricity.
   It protects you from poison.
   It affects your resistance to hostile enchantments.
 f - an uncursed ring of protection from fire
 C - an amulet of the acrobat (around neck)
 M - a ring of protection from magic (right claw)
Wands
 a - a wand of paralysis (45)
 v - a wand of digging (4)
 x - a wand of flame (133)
 O - a wand of iceblast (33)
 Q - a wand of disintegration (13)
 R - a wand of clouds (17)
 T - a wand of acid (17)
 Y - a wand of scattershot (5)
Scrolls
 b - 11 scrolls of enchant armour
 k - a scroll of blinking
 o - 2 scrolls of holy word {!r}
 p - 5 scrolls of magic mapping
 w - 17 scrolls of remove curse {@r2}
 D - 3 scrolls of summoning
 E - 12 scrolls of identify {@r1}
 J - 5 scrolls of fog
 K - 5 scrolls of enchant weapon
 U - 4 scrolls of fear
 X - 2 scrolls of brand weapon
 Z - 4 scrolls of teleportation {@r4}
Potions
 e - 3 potions of haste {@q3}
 h - 7 potions of lignification {!q}
 i - 5 potions of flight
 j - 3 potions of resistance
 l - 2 potions of might
 n - a potion of brilliance
 q - 3 potions of invisibility
 r - 5 potions of mutation {!q}
 t - 8 potions of curing {@q1}
 u - 4 potions of ambrosia
 I - 4 potions of cancellation
 L - 6 potions of agility
 P - 6 potions of berserk rage {!q}
 W - a potion of heal wounds {@q2}
Miscellaneous
 S - 4 phantom mirrors
Comestibles
 A - 30 rations {@e1}
 B - 7 chunks of flesh

Dungeon Overview and Level Annotations

Branches:
Dungeon (15/15)            Temple (0/1) D:5            Lair (6/6) D:11
 Shoals (4/4) Lair:4       Spider (4/4) Lair:2        Slime (0/5) Lair:5
    Orc (2/2) D:9             Elf (3/3) Orc:2        Vaults (5/5) D:14
  Crypt (0/3) Vaults:2     Depths (5/5) D:15            Zot (0/5) Depths:5

Altars:
Ashenzari
Cheibriados
Dithmenos
Hepliaklqana
Kikubaaqudgha
Makhleb
Okawaru
Ru
Sif Muna
Uskayaw
Wu Jian
Xom
Yredelemnul
Zin
Beogh
Jiyva

Shops:
D:8 }   D:10 [(}[   D:11 (   Orc:1 [   Orc:2 [:*(   Shoals:4 }   Vaults:1 *=!%}
Vaults:3 *   Depths:1 }==   Depths:4 [

Portals:
Hell: Depths:1 Depths:2 Depths:3 Depths:4 Depths:5
Abyss: Depths:4
Pandemonium: Depths:3
Ziggurat: Depths:2

Annotations:
D:8 exclusion: downstairs
D:14 exclusion: downstairs
Lair:4 deah yaks
Lair:6 exclusion: oklob plant
Elf:2 3 runed doors
Vaults:2 2 runed doors
Depths:1 3 runed doors, Hearythru's ghost, journeyman SpBe
Depths:5 1 exclusion

.....▓▓▓ ▓...........▓
▓....... .......▓▓
▓...........▓ ▓.......
........▓▓▓...........▓
▓.......
.▓▓▓.....▓▓......p....▓
▓....... ▓▓
▓▓▓...▓▓......p>...▓ ▓.......
▓...)().....cQp✱.▓ ▓.......
▓▓..)▓...[[......▓ ▓.......
▓..(▓...(.(.....▓▓▓▓▓▓▓▓▓▓'▓▓
▓▓...▓▓▓▓▓▓▓@▓▓▓▓▓▓..........▓
▓....▓ ▓...[[.[').........▓ ▓▓
▓▓▓)).▓▓ ▓......(▓...((....(▓
.▓▓▓.))..▓
▓.....(.▓.......(..'
........▓▓
▓.(.....▓..(....(..▓ .......▓▓
▓.......▒...(......▓ .....▓▓▓
▓.......▒....(.....▓
▓▓'▓▓▓▓▓▓▓▓
▓.......'..........▓
....░.(...▓
▓▓▓▓▓▓▓▓▓.....((...▓


You could see an ironheart preserver, a tengu reaver, a vault sentinel, an
ironbrand convoker, a yaktaur and a battlesphere.


Message History

The ironheart preserver is healed somewhat.
The ironbrand convoker hits you with a great mace of protection!
* * * LOW HITPOINT WARNING * * *
You scratch the tengu reaver. Your kick misses the tengu reaver.
Your claw misses the tengu reaver.
The tengu reaver is moderately wounded.
The yaktaur closely misses you.
You are too berserk!
The vault sentinel casts a spell at you.
You barely resist.
The tengu reaver points at you and mumbles some strange words.
The bolt of poison is repelled.
The battlesphere fires!
The barrage of energy hits you!
* * * LOW HITPOINT WARNING * * *
The ironheart preserver completely misses you.
You are too berserk!
You are too berserk!
You feel a strong urge to attack something.
The yaktaur hits you.
* * * LOW HITPOINT WARNING * * *
The ironheart preserver casts a spell.
The ironheart preserver is healed somewhat.
The yaktaur wields an uncursed arbalest.
The yaktaur shoots a bolt.
The bolt closely misses you.
You feel your anger nearly subside.
You are no longer berserk.
You are exhausted.
You feel yourself slow down. The tengu reaver casts a spell at you.
The bolt of acid hits you! You resist.
You die...

Skill      XL: |  1  2  3  4  5  6  7  8  9 10 11 12 13 14 15 16 17 18 19 20 21 22 23 24 |
---------------+-------------------------------------------------------------------------+-----
Polearms       | 3 |  3.1
Spellcasting   | 1 2 |  2.3
Unarmed Combat | 1 2 3 4 6 8 10 11 12 13 14 15 16 17 18 19 20 21 22 | 22.4
Fighting       | 4 5 6 7 8 10 12 13 14 15 16 17 19 20 21 22 23 24 | 24.1
Armour         | 5 8 9 10 12 13 14 15 16 17 18 19 | 19.3
Dodging        | 2 5 6 8 9 11 12 | 12.0

Action                   |  1- 3 |  4- 6 |  7- 9 | 10-12 | 13-15 | 16-18 | 19-21 | 22-24 || total
-------------------------+-------+-------+-------+-------+-------+-------+-------+-------++-------
Melee: Spear             |   124 |   154 |       |       |       |       |       |       ||   278
       Scythe            |       |    17 |   275 |       |       |       |       |       ||   292
       Unarmed           |       |       |    21 |   735 |  1545 |  1849 |  1665 |  1023 ||  6838
       Punch             |       |       |     2 |    34 |    91 |   134 |   228 |   147 ||   636
       Glaive            |       |       |       |       |    43 |       |       |       ||    43
       Kick              |       |       |       |       |       |       |       |   268 ||   268
 Fire: Blowgun           |       |       |       |       |     1 |       |       |       ||     1
Throw: Tomahawk          |     3 |       |     6 |    15 |    15 |       |       |       ||    39
       Stone             |       |       |     1 |       |       |       |       |       ||     1
       Javelin           |       |       |       |       |       |     2 |       |       ||     2
Invok: Berserk           |     2 |     6 |     9 |    10 |    18 |    11 |     6 |     5 ||    67
       Trog's Hand       |       |       |     6 |     2 |    16 |    18 |    25 |    19 ||    86
       Brothers in Arms  |       |       |       |     2 |     6 |     8 |     1 |     4 ||    21
Evoke: Wand              |       |       |     1 |    12 |    31 |     2 |    21 |     8 ||    75
       Lightning rod     |       |       |       |       |       |     1 |       |       ||     1
  Use: Scroll            |     6 |     3 |     3 |    10 |    10 |     9 |     7 |     3 ||    51
       Potion            |       |     1 |     8 |       |     2 |    11 |       |     6 ||    28
 Stab: Sleeping          |     1 |       |       |       |       |       |       |       ||     1
       Paralysed         |       |       |       |     4 |     2 |       |       |       ||     6
       Confused          |       |       |       |       |     8 |       |       |       ||     8
       Distracted        |       |       |       |       |       |       |     1 |       ||     1
  Eat: Chunk             |     4 |    10 |    16 |    36 |    63 |    65 |    59 |    31 ||   284
       Ration            |       |     1 |     7 |     2 |     7 |     7 |     3 |     3 ||    30
Armor: Animal skin       |     4 |       |       |       |       |       |       |       ||     4
       Leather armour    |    19 |     6 |       |       |       |       |       |       ||    25
       Chain mail        |       |    56 |   267 |   120 |       |       |       |       ||   443
       Plate armour      |       |       |       |   200 |   878 |  1227 |   574 |   519 ||  3398
Dodge: Dodged            |    73 |    41 |   209 |   338 |   762 |   988 |   906 |   746 ||  4063
       Deflected         |       |       |       |       |       |       |    90 |    29 ||   119

Vault maps used:
D:1:      roderic_octagonal_star, grunt_decor_resistance
D:2:      first_ration
D:3:      gammafunk_steamed_eel, chequers_ecumenical_altar_simple_redux,
          minmay_misc_feat_encased, uniq_sigmund, uniq_natasha
D:4:      uniq_blork_the_orc
D:5:      kennysheep_little_box, minmay_temple_entry_enclosed_plants
D:6:      yredelemnul_forgotten_temple_becter, gammafunk_temple_overflow_statue,
          nicolae_ossuary_entry_plus, basic_altar, uniq_grinder, uniq_eustachio
D:7:      grunt_temple_overflow_open, uniq_duvessa
D:8:      minitemple, serial_shops, shop
D:9:      cheibrodos_worm_habitat, kennysheep_orc_monster_closet_entryway
D:10:     serial_shops, shop, shop_statue, shop, shop
D:11:     lair_entry_dummy, serial_shops, shop, uniq_psyche
D:12:     nzn_motion_control, hangedman_stone_soup, bh_hangedman_babel_library,
          uniq_sonja, uniq_snorg, uniq_nessos
D:14:     david_vaults_2, hangedman_weighted_door
D:15:     gammafunk_depths_entry_grave, lemuel_mausoleum_altar_yredelemnul
Lair:1:   basic_altar, grunt_forest_large_clearing_hut
Lair:2:   spider_nest_entry_funnel_web
Lair:3:   mu_elephants_graveyard, serial_bayou_lagoon_b
Lair:4:   elwin_shoals_entry_rooms, grunt_megastairs_1
Lair:5:   slime_altar_1
Lair:6:   minmay_lair_end_frog_pond, serial_bayou_shore_a, uniq_rupert
Shoals:2: uniq_louise
Shoals:4: shoals_end_grunt_ice, shoal_ilsuiw, serial_shops, shop,
          nicolae_shoals_water_shrine
Spider:1: gammafunk_ghost_grave, uniq_donald
Spider:2: einodemon_crawler_minivault
Spider:4: grunt_spider_rune_island, nicolae_spider_cling_ruins
Orc:1:    serial_shops, shop, uniq_gastronok, uniq_nergalle
Orc:2:    grunt_orc_cross, basic_altar, portal_ice_cave_entry_imps
Elf:1:    elf_arrival_001, hangedman_corner_corridor
Elf:2:    basic_altar
Elf:3:    grunt_elf_hall_branching
Vaults:1: hangedman_vaults_maws, v_misc_22, vaults_room_ringed_pool,
          dpeg_vaults_monster_row, v_misc_23, nicolae_vaults_fighting_squares,
          v_misc_5, nicolae_vaults_little_ls, ontoclasm_vaults_decontamination,
          vaults_mumra_hex, serial_shops, shop, shop, shop,
          nicolae_shop_statue_plus, shop
Vaults:2: gammafunk_vaults_ghost_fury_of_okawaru, nicolae_vaults_an_arrangement,
          vaults_standard_mumra_x, vaults_mumra_lcd,
          minmay_crypt_entry_necro_gods, nicolae_vaults_yaktaur_gun_rack,
          vaults_room_large_hall, v_pattern_4, ontoclasm_vaults_shuriken,
          nicolae_vaults_border_crossing
Vaults:3: nicolae_vaults_little_squares_6, ontoclasm_vaults_tryst, v_misc_3,
          st_squares, ontoclasm_vaults_loading_screen, dpeg_vaults_monster_box,
          serial_shops, nicolae_shop_crystal
Vaults:4: ontoclasm_vaults_ligature, ontoclasm_vaults_spin, v_rooms_1,
          nicolae_vaults_stairing_the_circle, vaults_dpeg_doors,
          hangedman_vaults_nails, hangedman_vaults_hat,
          nicolae_vaults_little_squares_1, nicolae_vaults_diagonal_hallway_9,
          nicolae_vaults_c_with_doors, vaults_room_door_ring,
          hangedman_vaults_pinch
Depths:1: hangedman_geh_valley, serial_bayou, serial_bayou_pond_a,
          serial_bayou_shore_b, serial_bayou_lagoon_a, serial_bayou_crossing,
          biasface_ghost_demon_polymorph, spider_trap, ashenzari_altar_1,
          firewood_loft, minmay_shop_grove
Depths:2: regret_index_dithmenos_brocken_genspenst, enter_ziggurat_b,
          pf_hell_entry_tar_river, minmay_misc_feat_tower
Depths:3: kennysheep_large_spiral, grunt_pan_entry_zigzag, corexii_corridor_pit,
          grunt_hell_entry_dis_mu
Depths:4: evilmike_diamond_1, nicolae_abyss_entry_one_way_or_another,
          pf_coc_iceberg, serial_glass, glass_columns_a, glass_columns_a,
          item_on_display_a, unseen_surprise_small, feat_on_display,
          serial_shops, shop, infiniplex_staircase_pool_2, uniq_boris
Depths:5: grunt_zot_entry_tricorne, hellmouth_1, columned_hall_lemuel,
          uniq_frederick, uniq_jorgrun
IceCv:    ice_cave_statue_garden_chambered

Notes
Turn   | Place    | Note
-------+----------+-------------------------------------------
     0 | D:1      | MothsLongingForFire the Demonspawn Berserker began the quest for the Orb.
     0 | D:1      | Reached XP level 1. HP: 18/18 MP: 1/1
   175 | D:1      | You feel monstrous as your demonic heritage exerts itself.
   175 | D:1      | Gained mutation: You have a pair of small antennae on your head. [demonic ancestry]
   175 | D:1      | Reached XP level 2. HP: 20/24 MP: 2/2
   345 | D:1      | Reached skill level 3 in Polearms
   540 | D:1      | Reached skill level 1 in Spellcasting
   799 | D:2      | Gained mutation: You have sharp fingernails. [demonic ancestry]
   799 | D:2      | Reached XP level 3. HP: 29/29 MP: 4/4
  1248 | D:2      | Reached skill level 1 in Unarmed Combat
  1577 | D:2      | Gained mutation: You sometimes gain a little power by taking damage. [demonic ancestry]
  1577 | D:2      | Reached XP level 4. HP: 26/37 MP: 6/6
  1992 | D:3      | Found a faded altar of an unknown god.
  2396 | D:3      | Found a transporter.
  2414 | D:3      | Found a transporter.
  2471 | D:3      | You fall through a shaft for 2 floors!
  2471 | D:5      | Entered Level 5 of the Dungeon
  2543 | D:4      | Noticed Blork the orc
  2557 | D:4      | Killed Blork the orc
  2557 | D:4      | Reached skill level 4 in Fighting
  2557 | D:4      | Reached skill level 2 in Unarmed Combat
  2557 | D:4      | Reached skill level 2 in Spellcasting
  2557 | D:4      | Gained mutation: Your flesh is cold resistant. (rC+) [demonic ancestry]
  2557 | D:4      | Reached XP level 5. HP: 42/42 MP: 6/8
  3025 | D:3      | Noticed Natasha
  3030 | D:3      | Killed Natasha
  3231 | D:3      | Noticed Natasha
  3236 | D:3      | Killed Natasha
  3236 | D:3      | Reached skill level 3 in Unarmed Combat
  3419 | D:3      | Noticed Sigmund
  3459 | D:3      | Killed Sigmund
  3459 | D:3      | Gained mutation: You have a pair of antennae on your head. [demonic ancestry]
  3459 | D:3      | Reached XP level 6. HP: 49/49 MP: 9/9
  3685 | D:4      | Reached skill level 4 in Unarmed Combat
  3838 | D:4      | Reached skill level 5 in Fighting
  3838 | D:4      | Reached XP level 7. HP: 53/56 MP: 10/10
  4190 | D:5      | Reached skill level 5 in Unarmed Combat
  4414 | D:5      | Found a staircase to the Ecumenical Temple.
  4699 | D:5      | Found a shimmering altar of Xom.
  4706 | D:5      | Reached skill level 6 in Fighting
  4706 | D:5      | Reached skill level 6 in Unarmed Combat
  4706 | D:5      | Gained mutation: You are immune to freezing clouds. [demonic ancestry]
  4706 | D:5      | Reached XP level 8. HP: 45/64 MP: 11/11
  4916 | D:6      | Noticed Eustachio
  4918 | D:6      | Noticed a troll
  4943 | D:6      | Reached ** piety under Trog
  5030 | D:6      | Found a burning altar of Makhleb.
  5413 | D:6      | Killed a troll
  5413 | D:6      | Reached skill level 7 in Unarmed Combat
  5436 | D:6      | Killed Eustachio
  5436 | D:6      | Reached skill level 7 in Fighting
  5783 | D:6      | Reached skill level 8 in Unarmed Combat
  5786 | D:6      | Found a basalt altar of Yredelemnul.
  5883 | D:6      | Noticed Grinder
  5897 | D:6      | Paralysed by a crimson imp for 2 turns
  5911 | D:6      | Killed Grinder
  5911 | D:6      | Reached XP level 9. HP: 72/72 MP: 12/12
  6263 | D:6      | Found an iron altar of Okawaru.
  6264 | D:6      | Found a sacrificial altar of Ru.
  6581 | D:7      | Noticed Duvessa
  6581 | D:7      | Noticed Dowan
  6585 | D:7      | Reached skill level 9 in Unarmed Combat
  6587 | D:7      | Killed Duvessa
  6591 | D:7      | Killed Dowan
  6591 | D:7      | Reached skill level 8 in Fighting
  7072 | D:7      | Found an ornate altar of the Wu Jian Council.
  7075 | D:7      | Found a glowing silver altar of Zin.
  7075 | D:7      | Found a hazy altar of Hepliaklqana.
  7385 | D:7      | Reached skill level 10 in Unarmed Combat
  7527 | D:7      | HP: 3/75 [killer bee (7)]
  7532 | D:7      | HP: 7/75 [killer bee (2)]
  7532 | D:7      | HP: 1/75 [killer bee (6)]
  8292 | D:8      | Reached XP level 10. HP: 62/82 MP: 13/13
  8522 | D:8      | Reached skill level 9 in Fighting
  8773 | D:8      | Found Guthry Gyuri's Gadget Shop.
  8858 | D:8      | Noticed a two-headed ogre
  8868 | D:8      | Killed a two-headed ogre
  9098 | D:8      | Found a hide-covered altar of Uskayaw.
  9101 | D:8      | Found a deep blue altar of Sif Muna.
  9237 | D:8      | Reached skill level 2 in Armour
  9237 | D:8      | Reached skill level 11 in Unarmed Combat
  9787 | D:9      | Reached *** piety under Trog
 10093 | D:9      | Reached skill level 3 in Armour
 10393 | D:9      | Found a snail-covered altar of Cheibriados.
 10685 | D:10     | Entered Level 10 of the Dungeon
 10709 | D:10     | Noticed an unseen horror
 10742 | D:10     | Killed an unseen horror
 10742 | D:10     | Reached skill level 10 in Fighting
 10742 | D:10     | Reached skill level 4 in Armour
 10865 | D:10     | Found Xalaatyno's Gadget Shoppe.
 10874 | D:10     | Noticed a two-headed ogre
 10913 | D:10     | Killed a two-headed ogre
 10936 | D:10     | Found Vuogubul's Antique Armour Shoppe.
 10940 | D:10     | Bought a cloak for 130 gold pieces
 11014 | D:10     | Reached skill level 5 in Armour
 11014 | D:10     | Gained mutation: You have very sharp fingernails. [demonic ancestry]
 11014 | D:10     | Reached XP level 11. HP: 71/92 MP: 14/14
 11538 | D:10     | Reached **** piety under Trog
 11653 | D:10     | Found Malodeodgh's Armour Shoppe.
 11660 | D:10     | Bought a +2 cloak for 214 gold pieces
 11692 | D:10     | Reached skill level 11 in Fighting
 11794 | D:10     | Found Onanaity's Antique Weapon Boutique.
 11925 | D:10     | Reached skill level 6 in Armour
 12242 | D:11     | Found Titirug's Weapon Boutique.
 12677 | D:11     | Noticed a red ugly thing
 12677 | D:11     | Noticed a two-headed ogre
 12702 | D:11     | Killed a red ugly thing
 12708 | D:11     | Killed a two-headed ogre
 13014 | D:11     | Found a staircase to the Lair.
 13025 | Lair:1   | Entered Level 1 of the Lair of Beasts
 13046 | Lair:1   | Reached skill level 7 in Armour
 13596 | D:11     | Reached skill level 12 in Fighting
 13799 | Lair:1   | Reached skill level 2 in Dodging
 14399 | Lair:1   | Reached skill level 8 in Armour
 14399 | Lair:1   | Reached XP level 12. HP: 91/102 MP: 15/15
 14458 | Lair:1   | Found a burning altar of Makhleb.
 14822 | Lair:2   | Reached skill level 3 in Dodging
 15010 | Lair:2   | Found a hole to the Spider Nest.
 15584 | Lair:3   | Reached skill level 4 in Dodging
 15677 | Lair:3   | Reached ***** piety under Trog
 15911 | Lair:3   | Noticed a death yak
 15911 | Lair:3   | Noticed a death yak
 15911 | Lair:3   | Noticed a death yak
 15911 | Lair:3   | Noticed a death yak
 15911 | Lair:3   | Noticed a death yak
 16489 | Lair:3   | Reached skill level 9 in Armour
 16504 | Lair:3   | Noticed a dire elephant
 16521 | Lair:3   | Killed a dire elephant
 16521 | Lair:3   | Reached skill level 5 in Dodging
 16577 | Lair:3   | Reached skill level 13 in Fighting
 16612 | Lair:3   | Noticed a death yak
 16650 | Lair:2   | Killed a death yak
 16650 | Lair:2   | Reached skill level 12 in Unarmed Combat
 16761 | Lair:2   | Killed a death yak
 16764 | Lair:2   | Killed a death yak
 16961 | Lair:3   | Killed a death yak
 16961 | Lair:3   | Reached XP level 13. HP: 67/111 MP: 16/16
 17898 | Lair:4   | Found a staircase to the Shoals.
 18623 | Lair:4   | Reached skill level 10 in Armour
 18831 | Lair:4   | Identified a potion of resistance
 19881 | Lair:5   | Reached skill level 14 in Fighting
 20078 | Lair:5   | Found a viscous altar of Jiyva.
 20078 | Lair:5   | Found a staircase to the Slime Pits.
 20407 | Lair:5   | Reached skill level 13 in Unarmed Combat
 20903 | Lair:6   | Entered Level 6 of the Lair of Beasts
 22462 | Lair:6   | Gained mutation: You have large cloven feet. [demonic ancestry]
 22462 | Lair:6   | Reached XP level 14. HP: 65/121 MP: 17/17
 23235 | Lair:6   | Received a gift from Trog
 23497 | Lair:6   | Noticed Rupert
 23511 | Lair:6   | Killed Rupert
 23511 | Lair:6   | Reached skill level 11 in Armour
 24559 | Lair:5   | Found a viscous altar of Jiyva.
 24559 | Lair:5   | Found a staircase to the Slime Pits.
 24902 | Lair:4   | Reached skill level 15 in Fighting
 25324 | Lair:4   | Found a staircase to the Shoals.
 25604 | D:9      | Found a staircase to the Orcish Mines.
 26246 | D:11     | Noticed Psyche
 26252 | D:11     | Killed Psyche
 26671 | D:12     | Reached skill level 14 in Unarmed Combat
 26777 | D:12     | Noticed Snorg
 26813 | D:12     | Killed Snorg
 27116 | D:12     | Noticed Sonja
 27132 | D:12     | Killed Sonja
 27137 | D:12     | HP: 12/123 [poisoned by Sonja]
 27917 | D:12     | Received a gift from Trog
 27918 | D:12     | Got a twisted glaive {god gift}
 27920 | D:12     | Identified the +13 glaive "Namn" {venom, *Noise rN+ Str+4 Int+4} (Trog gifted it to you on level 12 of the Dungeon)
 28100 | D:12     | Identified the Incunabulum of Sand
 28128 | D:12     | Noticed Nessos
 28146 | D:12     | Killed Nessos
 28870 | D:12     | Identified the Almanac of Plaster Cramp
 29202 | D:13     | Reached skill level 12 in Armour
 29312 | D:13     | Gained mutation: You have hoof-like feet. [demonic ancestry]
 29312 | D:13     | Reached XP level 15. HP: 98/130 MP: 13/18
 31049 | D:14     | Found a gate to the Vaults.
 31302 | D:14     | Reached skill level 16 in Fighting
 32095 | D:15     | Entered Level 15 of the Dungeon
 32265 | Orc:1    | Entered Level 1 of the Orcish Mines
 32265 | Orc:1    | Noticed Nergalle
 32272 | Orc:1    | Killed Nergalle
 32511 | Orc:1    | Noticed Gastronok
 32533 | Orc:1    | Killed Gastronok
 32533 | Orc:1    | Reached skill level 15 in Unarmed Combat
 32877 | Orc:1    | Found Duda Hekk's Antique Armour Emporium.
 32968 | Orc:2    | Entered Level 2 of the Orcish Mines
 32986 | Orc:2    | Found a roughly hewn altar of Beogh.
 33327 | Orc:2    | Found a frozen archway.
 33343 | IceCv    | Entered an ice cave
 33561 | IceCv    | Got a faintly glowing platinum ring
 33563 | IceCv    | Identified the ring "Qeypsen" {Int+2 Stlth-} (You found it in an ice cave)
 34594 | Orc:2    | Reached skill level 13 in Armour
 34949 | Orc:2    | Paralysed by an orc sorcerer for 5 turns
 34953 | Orc:2    | Noticed an orc warlord
 35006 | Orc:1    | Killed an orc warlord
 35252 | Orc:2    | Found a staircase to the Elven Halls.
 35358 | Orc:2    | Found a roughly hewn altar of Beogh.
 35363 | Orc:2    | Found Botupiuss's General Store.
 35411 | Orc:2    | Bought a potion of mutation for 112 gold pieces
 35411 | Orc:2    | Bought a scroll of identify for 28 gold pieces
 35643 | Orc:2    | Found Etusuth's Book Shoppe.
 35659 | Orc:2    | Found Bicoloq's Antique Armour Shoppe.
 35674 | Orc:2    | Found Efidiube's Antique Weapon Shoppe.
 35787 | Orc:2    | Bought a shiny plate armour for 754 gold pieces
 35893 | D:10     | Bought a shiny plate armour for 754 gold pieces
 36350 | D:15     | Reached skill level 6 in Dodging
 36465 | D:15     | Paralysed by a hornet for 1 turns
 36651 | D:15     | Found a staircase to the Depths.
 36673 | D:15     | Gained mutation: You have claws for hands. [demonic ancestry]
 36673 | D:15     | Reached XP level 16. HP: 122/139 MP: 19/19
 37191 | D:15     | Reached ****** piety under Trog
 37200 | D:15     | Received a gift from Trog
 37469 | D:15     | Reached skill level 17 in Fighting
 37469 | D:15     | Reached skill level 7 in Dodging
 37638 | D:15     | Found a basalt altar of Yredelemnul.
 37986 | Shoals:1 | Entered Level 1 of the Shoals
 38065 | Lair:4   | HP: 13/141 [poisoned by a sea snake]
 38070 | Lair:4   | HP: 7/141 [poisoned by a sea snake]
 38075 | Lair:4   | HP: 5/141 [poisoned by a sea snake]
 38080 | Lair:4   | HP: 4/141 [poisoned by a sea snake]
 38085 | Lair:4   | HP: 7/141 [poisoned by a sea snake]
 38090 | Lair:4   | HP: 10/141 [poisoned by a sea snake]
 38095 | Lair:4   | HP: 9/141 [poisoned by a sea snake]
 38100 | Lair:4   | HP: 9/141 [poisoned by a sea snake]
 38108 | Lair:4   | HP: 10/141 [poisoned by a sea snake]
 40369 | Shoals:2 | Noticed Louise
 40386 | Shoals:1 | Reached skill level 16 in Unarmed Combat
 40581 | Shoals:1 | Reached skill level 8 in Dodging
 40594 | Shoals:1 | Killed Louise
 41038 | Shoals:2 | Received a gift from Trog
 43157 | Shoals:3 | Gained mutation: You have a pair of large antennae on your head. (SInv) [demonic ancestry]
 43157 | Shoals:3 | Reached XP level 17. HP: 122/149 MP: 16/20
 43441 | Shoals:3 | Reached skill level 18 in Fighting
 43806 | Spider:1 | Entered Level 1 of the Spider Nest
 44407 | Spider:1 | Found a runed door.
 44418 | Spider:1 | Noticed Jogeor's ghost (adept DsCK)
 44563 | Spider:1 | Noticed Donald
 44583 | Spider:1 | Killed Donald
 45419 | Spider:1 | Killed Jogeor's ghost
 45422 | Spider:1 | Got a heavily runed platinum ring
 45426 | Spider:1 | Identified the ring "Tusuv" {+Fly rPois rN+ Int-5} (You found it on level 1 of the Spider Nest)
 45601 | Spider:2 | Received a gift from Trog
 45604 | Spider:2 | Reached skill level 17 in Unarmed Combat
 48329 | Spider:4 | Entered Level 4 of the Spider Nest
 49031 | Spider:4 | Reached skill level 19 in Fighting
 50406 | Spider:4 | Received a gift from Trog
 50867 | Spider:4 | Reached XP level 18. HP: 136/160 MP: 17/21
 51037 | Spider:4 | Reached skill level 18 in Unarmed Combat
 51348 | Spider:4 | Got a gossamer rune of Zot
 51692 | Shoals:4 | Entered Level 4 of the Shoals
 52616 | Shoals:3 | HP: 8/160 [water nymph/the raging water (23)]
 53576 | Shoals:4 | Noticed Ilsuiw
 53919 | Shoals:4 | Killed Ilsuiw
 54344 | Shoals:4 | Received a gift from Trog
 54753 | Shoals:4 | Found Jyenwesasm's Gadget Emporium.
 55226 | Shoals:4 | Got a barnacled rune of Zot
 55739 | Vaults:1 | Entered Level 1 of the Vaults
 55739 | Vaults:1 | Found Buwkey Hoyp's Jewellery Shop.
 55743 | Vaults:1 | Bought the ring "Nyclof" {rElec rPois rF+ MR- Dex+6} for 889 gold pieces
 56141 | Vaults:1 | Found Wiexus's Food Boutique.
 56252 | Vaults:1 | Reached skill level 20 in Fighting
 56445 | Vaults:1 | Found Ebohemm's General Store.
 56452 | Vaults:1 | Identified a scroll of acquirement
 56466 | Vaults:1 | Got a pair of jewelled boots
 56477 | Vaults:1 | Identified the +0 pair of boots "Huustruz" {+Fly} (You acquired it on level 1 of the Vaults)
 56498 | Vaults:1 | Bought a scroll of teleportation for 45 gold pieces
 56509 | Vaults:1 | Found Ingemif's Distillery.
 56517 | Vaults:1 | Bought a potion of heal wounds for 55 gold pieces
 56517 | Vaults:1 | Bought a potion of invisibility for 88 gold pieces
 56970 | Vaults:1 | Received a gift from Trog
 57105 | Vaults:1 | Reached skill level 14 in Armour
 57919 | Vaults:1 | Reached XP level 19. HP: 158/169 MP: 20/22
 58295 | Vaults:1 | Found Esampewk's Gadget Emporium.
 58710 | Elf:1    | Entered Level 1 of the Elven Halls
 59516 | Elf:1    | Reached skill level 19 in Unarmed Combat
 59961 | Elf:2    | Found an ancient bone altar of Kikubaaqudgha.
 60022 | Elf:2    | Found a runed gate.
 60022 | Elf:2    | Found a runed gate.
 60022 | Elf:2    | Found a runed gate.
 60145 | Elf:3    | Entered Level 3 of the Elven Halls
 60179 | Elf:2    | Received a gift from Trog
 61876 | Elf:3    | Reached skill level 15 in Armour
 62348 | Elf:3    | Got a shimmering amber ring
 62784 | Elf:3    | Identified the ring "Lorack" {*Corrode EV+2 Str+7 Int-5 SInv} (You took it off a deep elf blademaster on level 3 of the Elven Halls)
 62920 | Elf:3    | Reached skill level 21 in Fighting
 64087 | Vaults:2 | Gained mutation: A meltable icy envelope protects you from harm. (AC +0) [demonic ancestry]
 64087 | Vaults:2 | Reached XP level 20. HP: 138/180 MP: 23/23
 64286 | Vaults:2 | Paralysed by a wizard for 4 turns
 65055 | Vaults:2 | Received a gift from Trog
 65134 | Vaults:2 | Found a runed gate.
 65134 | Vaults:2 | Found a runed gate.
 65428 | Vaults:2 | Noticed Duiged's ghost (adept HOMo)
 65464 | Vaults:2 | Killed Duiged's ghost
 65722 | Vaults:2 | Got a scorched steel amulet
 65731 | Vaults:2 | Found an iron altar of Okawaru.
 65962 | Vaults:2 | Found a staircase to the Crypt.
 65962 | Vaults:2 | Found a basalt altar of Yredelemnul.
 65963 | Vaults:2 | Found an ancient bone altar of Kikubaaqudgha.
 66766 | Vaults:2 | Reached skill level 9 in Dodging
 66942 | Vaults:3 | Reached skill level 20 in Unarmed Combat
 67118 | Vaults:3 | Received a gift from Trog
 67338 | Vaults:3 | Reached skill level 16 in Armour
 67515 | Vaults:3 | Found Tanueb's General Store.
 68900 | Vaults:3 | Gained mutation: Your magical and physical power is slightly enhanced at high health. [demonic ancestry]
 68900 | Vaults:3 | Reached XP level 21. HP: 188/188 MP: 24/24
 69795 | Vaults:3 | Received a gift from Trog
 69829 | Vaults:3 | Found Tanueb's General Store.
 70512 | Vaults:4 | Reached skill level 10 in Dodging
 71259 | Vaults:3 | Reached skill level 22 in Fighting
 71642 | Vaults:4 | Received a gift from Trog
 73382 | Depths:1 | Entered Level 1 of the Depths
 73633 | Depths:1 | Reached skill level 11 in Dodging
 74046 | Depths:1 | Found a runed gate.
 74047 | Depths:1 | Found a runed gate.
 74098 | Depths:1 | Found a shattered altar of Ashenzari.
 74126 | Depths:1 | Found Damok's Gadget Emporium.
 74126 | Depths:1 | Found Vilol's Jewellery Boutique.
 74127 | Depths:1 | Found Xiakead's Jewellery Boutique.
 74132 | Depths:1 | Identified the amulet "Isulamuk" {Reflect -Tele +Fly rF- rN+++ SH+6} (You took it off a tengu warrior on level 2 of the Vaults)
 74347 | Depths:1 | Reached skill level 17 in Armour
 74481 | Depths:1 | Found a gateway to Hell.
 74757 | Depths:1 | Found a runed gate.
 74757 | Depths:1 | Noticed Hearythru's ghost (journeyman SpBe)
 74812 | Depths:2 | Reached XP level 22. HP: 124/197 MP: 25/25
 75042 | Depths:2 | Received a gift from Trog
 75826 | Depths:2 | Found a shadowy altar of Dithmenos.
 75827 | Depths:2 | Found the +2 cloak of the Thief {+Fog Slay-2 SInv Stlth+}
 76397 | Depths:2 | Found a gateway to a ziggurat.
 76561 | Depths:2 | Reached skill level 21 in Unarmed Combat
 76573 | Depths:2 | Received a gift from Trog
 77080 | Depths:3 | Noticed a juggernaut
 77092 | Depths:3 | Killed a juggernaut
 77092 | Depths:3 | Reached skill level 12 in Dodging
 77151 | Depths:3 | Noticed a golden dragon
 77173 | Depths:3 | Killed a golden dragon
 77299 | Depths:3 | Noticed a golden dragon
 77322 | Depths:3 | Killed a golden dragon
 77350 | Depths:3 | Noticed a caustic shrike
 77358 | Depths:3 | Killed a caustic shrike
 78469 | Depths:3 | Found a one-way gate leading to the halls of Pandemonium.
 78767 | Depths:4 | Received a gift from Trog
 78776 | Depths:4 | Reached skill level 23 in Fighting
 79065 | Depths:4 | Reached skill level 18 in Armour
 79112 | Depths:4 | Gained mutation: You have hooves in place of feet. [demonic ancestry]
 79112 | Depths:4 | Reached XP level 23. HP: 91/206 MP: 26/26
 79455 | Depths:4 | Found Zuenalu's Armour Shoppe.
 79561 | Depths:4 | Found a one-way gate to the infinite horrors of the Abyss.
 79697 | Depths:4 | Noticed Boris
 79714 | Depths:4 | Killed Boris
 80101 | Depths:4 | Paralysed by a floating eye for 4 turns
 80500 | Depths:4 | HP: 19/207 [spriggan defender/demon whip of pain (2)]
 80990 | Depths:4 | Bought the +8 plate armour of Zaerony {rF++ rCorr MP+9 Str-3} for 2288 gold pieces
 81101 | Depths:4 | Noticed a caustic shrike
 81109 | Depths:4 | Killed a caustic shrike
 81162 | Depths:4 | Received a gift from Trog
 81257 | Depths:4 | Found the +4 skin of Zhor {rC+++}
 81293 | Depths:4 | Noticed a caustic shrike
 81302 | Depths:4 | Killed a caustic shrike
 81393 | Depths:5 | Entered Level 5 of the Depths
 81661 | Depths:5 | Reached skill level 22 in Unarmed Combat
 82355 | Depths:5 | Noticed Frederick
 82391 | Depths:5 | Killed Frederick
 82391 | Depths:5 | Reached skill level 19 in Armour
 82405 | Depths:5 | Found a gate to the Realm of Zot.
 82557 | Depths:5 | Gained mutation: You sometimes gain power by taking damage. [demonic ancestry]
 82557 | Depths:5 | Reached XP level 24. HP: 203/216 MP: 26/26
 82884 | Depths:5 | Noticed Jorgrun
 82895 | Depths:5 | Killed Jorgrun
 83322 | Vaults:5 | Entered Level 5 of the Vaults
 83333 | Vaults:5 | Received a gift from Trog
 83339 | Vaults:5 | Reached skill level 24 in Fighting
 83612 | Vaults:4 | HP: 16/325 [battlesphere[a tengu reaver] (18)]
 83615 | Vaults:4 | Killed from afar by a tengu reaver

Vanquished Creatures
  A juggernaut (Depths:3)
  Boris (Depths:4)
  Frederick (Depths:5)
  3 caustic shrikes
  3 golden dragons
  A Tzitzimitl (Depths:2)
  5 liches
  Jorgrun (Depths:5)
  3 tentacled monstrosities
  A titan (Depths:4)
  Rupert (Lair:6)
  2 quicksilver dragons
  2 deep elf master archers (Elf:3)
  2 deep elf blademasters (Elf:3)
  Gastronok (Orc:1)
  2 tengu reavers
  4 shadow dragons
  2 sphinxes
  Donald (Spider:1)
  4 storm dragons
  Ilsuiw (Shoals:4)
  The ghost of Duiged the Pandemonic, an adept HOMo of Makhleb (Vaults:2)
  14 frost giants
  10 fire giants
  The ghost of Jogeor the Fighter, an adept DsCK of Xom (Spider:1)
  4 orc warlords
  3 deep elf sorcerers
  Louise (Shoals:1)
  2 ghost moths
  14 vault wardens
  A draconian shifter (Depths:5)
  A draconian scorcher (Depths:5)
  A cacodemon (Depths:3)
  2 iron dragons (Depths:5)
  A balrug (Depths:5)
  An emperor scorpion (Spider:4)
  3 entropy weavers
  26 very ugly things
  3 spriggan defenders
  4 deep elf elementalists (Elf:3)
  10 ironheart preservers
  Nessos (D:12)
  29 stone giants
  3 vampire knights (Depths:2)
  A black draconian (Depths:5)
  5 deep elf demonologists
  2 green draconians (Depths:5)
  A red draconian (Depths:5)
  9 deep elf annihilators
  A dire elephant (Lair:3)
  2 yellow draconians (Depths:5)
  10 spark wasps
  3 merfolk javelineers
  6 ettins
  Snorg (D:12)
  7 deep elf death magi (Elf:3)
  9 merfolk impalers
  20 yaktaur captains
  10 fire dragons
  15 vault guards
  3 deep elf high priests (Elf:3)
  16 ogre magi
  5 rakshasas
  2 great orbs of eyes
  8 hydras
  4 spriggan air magi
  7 ice dragons
  A naga warrior (Vaults:2)
  3 catoblepae
  47 two-headed ogres
  2 merfolk avatars (Shoals:4)
  12 dancing weapons
  An alligator snapping turtle (Shoals:3)
  A queen ant (shapeshifter) (D:14)
  14 centaur warriors
  3 death knights
  4 deep troll shamans
  4 tengu warriors
  9 merfolk aquamancers
  2 satyrs
  7 death yaks
  6 deep troll earth magi
  3 orc high priests
  A small abomination (Elf:3)
  A vampire mage (Depths:1)
  Sonja (D:12)
  Nergalle (Orc:1)
  A hell knight (Depths:5)
  4 spriggan berserkers
  5 shadow wraiths
  10 deep elf knights
  A titan skeleton (Vaults:4)
  An iron troll (Depths:5)
  9 skeletal warriors
  4 unseen horrors
  A fire crab (shapeshifter) (Depths:4)
  21 deep trolls
  A deep troll (shapeshifter) (Vaults:4)
  5 flayed ghosts
  A golden dragon zombie (D:15)
  6 wizards
  A shadow dragon zombie (D:15)
  13 sea snakes
  10 deep elf archers
  A torturous demonspawn (Depths:3)
  4 glowing orange brains
  3 shadow demons (Depths:2)
  3 phantasmal warriors
  A harpy (shapeshifter) (Vaults:3)
  43 deep elf magi
  11 ironbrand convokers
  4 necromancers
  10 orc knights
  6 orc sorcerers
  20 orb spiders
  32 wolf spiders
  29 harpies
  47 ugly things
  11 cyclopes
  2 salamanders (Depths:5)
  4 fauns
  16 manticores
  19 elephants
  A guardian serpent (shapeshifter) (Vaults:1)
  A moth of wrath (Spider:3)
  8 merfolk sirens
  A fire giant skeleton (Vaults:4)
  A spectral centaur (D:14)
  A moth of wrath (shapeshifter) (Depths:5)
  2 black mambas
  5 water nymphs
  A rust devil (Depths:3)
  A stone giant skeleton (Vaults:4)
  8 vault sentinels
  Psyche (D:11)
  3 ice statues (IceCv)
  5 spectral swamp worms (Depths:2)
  A torpor snail (Spider:4)
  6 centaur skeletons
  A gargoyle (D:10)
  67 yaktaurs
  15 demonic crawlers
  23 spiny frogs
  6 komodo dragons
  A kobold demonologist (D:12)
  4 rime drakes
  8 freezing wraiths
  A red devil (Depths:5)
  8 trolls
  A meliai (shapeshifter) (Vaults:3)
  A yaktaur skeleton (Vaults:4)
  33 merfolk
  A queen bee (shapeshifter) (Vaults:1)
  23 jumping spiders
  6 hornets
  4 polar bears
  A wolf spider simulacrum (D:15)
  2 trolls (shapeshifter)
  3 wind drakes
  Grinder (D:6)
  4 tyrant leeches (Lair:6)
  A hornet (shapeshifter) (Vaults:4)
  12 hippogriffs
  22 blink frogs
  16 slime creatures
  9 dream sheep
  11 snapping turtles
  An ice dragon skeleton (D:15)
  A redback (shapeshifter) (Vaults:5)
  A deep troll skeleton (D:15)
  A fire giant simulacrum (Vaults:4)
  Sigmund (D:3)
  4 spriggans
  2 spriggans (shapeshifter)
  14 water elementals
  7 shadows (Depths:2)
  An air elemental (Elf:3)
  A hog (shapeshifter) (Vaults:2)
  39 tarantellas
  A fire elemental (Elf:3)
  61 redbacks
  3 wraiths
  Eustachio (D:6)
  A steam dragon (shapeshifter) (Vaults:3)
  28 yaks
  2 fire bats (Depths:5)
  3 basilisks
  A chaos spawn (Depths:3)
  5 hungry ghosts
  A wyvern (D:11)
  2 yaktaur simulacra
  A golden eye (shapeshifter) (D:14)
  A neqoxec (Depths:3)
  11 vampire mosquitoes
  6 wargs (Orc:2)
  16 water moccasins
  A soldier ant (D:15)
  A floating eye (Depths:4)
  Duvessa (D:7)
  A floating eye (shapeshifter) (Vaults:5)
  2 black bears
  8 porcupines
  9 ice beasts
  34 orc warriors
  A phantom (D:4)
  A sky beast (shapeshifter) (Vaults:4)
  An eye of draining (shapeshifter) (Depths:5)
  32 ogres
  3 sky beasts
  3 necrophages
  3 wolves (Lair:6)
  A tengu (shapeshifter) (D:15)
  An eye of draining (D:12)
  17 boggarts
  18 centaurs
  16 crocodiles
  8 big kobolds
  Blork the orc (D:4)
  33 bullfrogs
  2 wyvern zombies
  6 gnoll sergeants (D:9)
  5 earth elementals
  Dowan (D:7)
  A wyvern skeleton (D:10)
  6 scorpions
  A water moccasin skeleton (D:12)
  12 killer bees
  5 wights
  A troll skeleton (D:15)
  5 howler monkeys
  7 electric eels
  14 crimson imps
  3 centaur zombies
  2 quasits
  A bullfrog zombie (D:11)
  8 human zombies
  26 orc priests
  6 hounds
  6 jellies
  16 orc wizards
  4 bullfrog skeletons
  2 iron imps (Depths:3)
  2 human skeletons
  3 iguanas
  Natasha (twice) (D:3)
  10 worker ants
  3 hound skeletons
  2 hound zombies
  16 adders
  5 gnolls
  4 shadow imps
  12 white imps (Orc:2)
  An ooze (D:3)
  An adder skeleton (D:5)
  An adder zombie (D:7)
  4 worms
  2 dart slugs (D:1)
  2 leopard geckos
  101 orcs
  3 giant cockroaches
  6 goblins
  3 hobgoblins
  10 jackals
  20 kobolds
  4 quokkas
  4 ball pythons
  4 bats
  3 frilled lizards
  A jackal skeleton (D:8)
  A leopard gecko skeleton (D:7)
  An orc zombie (D:15)
  A quokka zombie (D:8)
  5 rats
  A spectral orc (D:6)
  2 fungi
1932 creatures vanquished.

Vanquished Creatures (collateral kills)
  An emperor scorpion (Spider:4)
  2 ghost moths (Spider:4)
  2 very ugly things (Vaults:2)
  A spark wasp (Spider:4)
  A hydra (Lair:6)
  13 vault guards (Vaults:5)
  An ice dragon (Vaults:2)
  2 merfolk aquamancers
  A two-headed ogre (Vaults:5)
  4 death yaks
  A sea snake (Shoals:3)
  A wolf spider (Spider:4)
  6 ugly things
  An elephant (Lair:3)
  A moth of wrath (Spider:4)
  A manticore (Shoals:3)
  A rust devil (Depths:3)
  A merfolk siren (Shoals:4)
  A water nymph (Shoals:3)
  2 spiny frogs (Lair:6)
  A hellwing (Depths:3)
  2 dream sheep (Shoals:1)
  2 snapping turtles (Shoals:1)
  A blink frog (Lair:6)
  2 hornets (Spider:4)
  A water elemental (Shoals:4)
  A basilisk (Lair:6)
  A vampire mosquito (Lair:6)
  A water moccasin (Lair:6)
  A crocodile (Lair:6)
  A quasit (Depths:3)
58 creatures vanquished.

Vanquished Creatures (others)
  A spark wasp (Depths:1)
  A deep elf mage (Elf:1)
  A jumping spider (Spider:4)
  An ogre (Vaults:4)
  A killer bee (D:12)
  An orc (D:12)
  3 bushes
  82 fungi
  115 plants
  2 withered plants (D:15)
208 creatures vanquished.

Grand Total: 2198 creatures vanquished

Table legend:
 A = Turns spent in this place as a percentage of turns spent in the entire game.
 B = Non-inter-level travel turns spent in this place as a percentage of non-inter-level travel turns spent in the entire game.
 C = Inter-level travel turns spent in this place as a percentage of turns spent in this place.
 D = Turns resting spent in this place as a percentage of non-inter-level travel turns spent in this place.
 E = Turns spent auto-exploring this place as a percentage of non-inter-level travel turns spent in this place.
 F = Non-inter-level travel turns spent in this place divided by the number of levels of this place that you've seen.
                   A       B       C       D       E      F
               +-------+-------+-------+-------+-------+----------------------
         Total | 100.0 | 100.0 |   5.0 |  43.6 |  31.8 | 1764.5
       Dungeon |  27.3 |  26.6 |   7.5 |  41.3 |  35.9 | 1406.1
          Lair |  15.6 |  15.4 |   5.9 |  45.7 |  34.7 | 2044.0
        Shoals |  10.7 |  10.9 |   2.8 |  58.5 |  19.1 | 2171.2
   Spider Nest |   9.3 |   9.5 |   2.3 |  50.9 |  27.0 | 1895.5
  Orcish Mines |   4.0 |   4.0 |   5.1 |  38.4 |  28.4 | 1600.5
   Elven Halls |   6.0 |   6.1 |   4.3 |  25.8 |  38.8 | 1609.3
        Vaults |  15.1 |  15.2 |   4.9 |  39.6 |  33.6 | 2408.4
        Depths |  11.7 |  11.9 |   3.2 |  42.5 |  30.7 | 1890.4
      Ice Cave |   0.3 |   0.3 |   0.0 |  30.5 |   7.4 | 256.0
               +-------+-------+-------+-------+-------+----------------------

Table legend:
 A = Spawn XP
 B = Non-spawn XP
 C = Spawn XP percentage of total XP
 D = Spawn monster count
 E = Non-spawn monster count
 F = Spawn count percentage of total count
 G = Total turns spent on level
                    A         B        C        D         E        F      G
               +---------+---------+-------+---------+---------+-------+---------
         Total |       0 | 1033074 |   0.0 |       0 |    1989 |   0.0 | 83615
               +---------+---------+-------+---------+---------+-------+---------
           D:1 |       0 |      27 |   0.0 |       0 |      14 |   0.0 |   711
           D:2 |       0 |      87 |   0.0 |       0 |      20 |   0.0 |  1281
           D:3 |       0 |     453 |   0.0 |       0 |      19 |   0.0 |  1278
           D:4 |       0 |     427 |   0.0 |       0 |      13 |   0.0 |   830
           D:5 |       0 |     784 |   0.0 |       0 |      18 |   0.0 |  1187
           D:6 |       0 |    1869 |   0.0 |       0 |      23 |   0.0 |  1533
           D:7 |       0 |    1945 |   0.0 |       0 |      27 |   0.0 |  1616
           D:8 |       0 |    2049 |   0.0 |       0 |      29 |   0.0 |  1305
           D:9 |       0 |    3153 |   0.0 |       0 |      59 |   0.0 |  1859
          D:10 |       0 |    4964 |   0.0 |       0 |      36 |   0.0 |  1852
          D:11 |       0 |    5444 |   0.0 |       0 |      28 |   0.0 |  1734
          D:12 |       0 |   17444 |   0.0 |       0 |      65 |   0.0 |  2572
          D:13 |       0 |   11341 |   0.0 |       0 |      40 |   0.0 |  1762
          D:14 |       0 |   14987 |   0.0 |       0 |      41 |   0.0 |  1998
          D:15 |       0 |   19427 |   0.0 |       0 |      55 |   0.0 |  1272
        Lair:1 |       0 |    4954 |   0.0 |       0 |      24 |   0.0 |  1265
        Lair:2 |       0 |    5989 |   0.0 |       0 |      21 |   0.0 |  1522
        Lair:3 |       0 |   15783 |   0.0 |       0 |      37 |   0.0 |  2294
        Lair:4 |       0 |   10744 |   0.0 |       0 |      27 |   0.0 |  2558
        Lair:5 |       0 |    4027 |   0.0 |       0 |      14 |   0.0 |  2125
        Lair:6 |       0 |   22372 |   0.0 |       0 |      78 |   0.0 |  3275
      Shoals:1 |       0 |   23505 |   0.0 |       0 |      51 |   0.0 |  2312
      Shoals:2 |       0 |   12407 |   0.0 |       0 |      25 |   0.0 |  2143
      Shoals:3 |       0 |   19380 |   0.0 |       0 |      37 |   0.0 |  2260
      Shoals:4 |       0 |   29054 |   0.0 |       0 |      48 |   0.0 |  2219
      Spider:1 |       0 |   17240 |   0.0 |       0 |      39 |   0.0 |  2100
      Spider:2 |       0 |   14331 |   0.0 |       0 |      38 |   0.0 |  1498
      Spider:3 |       0 |   12792 |   0.0 |       0 |      47 |   0.0 |  1793
      Spider:4 |       0 |   33620 |   0.0 |       0 |      77 |   0.0 |  2366
         Orc:1 |       0 |    9311 |   0.0 |       0 |      29 |   0.0 |  1558
         Orc:2 |       0 |    9761 |   0.0 |       0 |      90 |   0.0 |  1815
         Elf:1 |       0 |   20276 |   0.0 |       0 |      33 |   0.0 |   995
         Elf:2 |       0 |   11851 |   0.0 |       0 |      25 |   0.0 |   910
         Elf:3 |       0 |   54790 |   0.0 |       0 |      48 |   0.0 |  3138
      Vaults:1 |       0 |   53455 |   0.0 |       0 |      81 |   0.0 |  3397
      Vaults:2 |       0 |   67954 |   0.0 |       0 |      80 |   0.0 |  2961
      Vaults:3 |       0 |   61316 |   0.0 |       0 |      86 |   0.0 |  3600
      Vaults:4 |       0 |   74680 |   0.0 |       0 |     114 |   0.0 |  2647
      Vaults:5 |       0 |   23965 |   0.0 |       0 |      29 |   0.0 |    58
      Depths:1 |       0 |   36498 |   0.0 |       0 |      43 |   0.0 |  1733
      Depths:2 |       0 |   58644 |   0.0 |       0 |      72 |   0.0 |  2038
      Depths:3 |       0 |   64486 |   0.0 |       0 |      56 |   0.0 |  1693
      Depths:4 |       0 |   96469 |   0.0 |       0 |      72 |   0.0 |  2677
      Depths:5 |       0 |   75873 |   0.0 |       0 |      70 |   0.0 |  1619
         IceCv |       0 |    3146 |   0.0 |       0 |      11 |   0.0 |   256
               +---------+---------+-------+---------+---------+-------+---------
